 Dungeon Crawl Stone Soup version 0.27-a0-291-gd9602db6ee (webtiles) character file.

Game seed: 6914191387548673508

126 skwiii the Stinger (level 5, 0/28 HPs)
             Began as a Gargoyle Venom Mage on Feb 10, 2021.
             Splashed by a jelly's acid (7 damage)
             ... on level 2 of the Dungeon.
             The game lasted 00:09:48 (2018 turns).

skwiii the Stinger (Gargoyle Venom Mage)            Turns: 2018, Time: 00:09:49

Health: 0/28       AC:  2    Str: 12    XL:     5   Next: 10%
Magic:  9/10       EV: 12    Int: 16    God:
Gold:   83         SH:  0    Dex: 10    Spells: 10/11 levels left

rFire    . . .     SeeInvis .   (no weapon)
rCold    . . .     Faith    .   (no shield)
rNeg     + . .     Spirit   .   a - +0 robe
rPois    ∞         Reflect  .   (no helmet)
rElec    +         Harm     .   (no cloak)
rCorr    .         Rampage  .   (no gloves)
Will     .....                  (no boots)
Stlth    ++........             (no amulet)
HPRegen  0.09/turn              (no ring)
MPRegen  0.12/turn              (no ring)

@: corroded
A: negative energy resistance 1, electricity resistance, unbreathing,
petrification resistance, miasma immunity, AC +4
a: no special abilities


You were on level 2 of the Dungeon.
You visited 1 branch of the dungeon, and saw 2 of its levels.

You collected 83 gold pieces.

Inventory:

Hand Weapons
 m - a +0 flail
Armour
 a - a +0 robe (worn)
 n - a +0 scale mail
 q - a scarf of repulsion
Jewellery
 j - an uncursed amulet of the acrobat {unknown}
Scrolls
 d - a scroll of fog {unknown}
 e - a scroll of random uselessness {unknown}
 f - a scroll of enchant armour {unknown}
 g - a scroll of identify {unknown}
 h - a scroll of remove curse {unknown}
 i - a scroll of magic mapping {unknown}
 l - a scroll of teleportation {unknown}
 p - a scroll of fear {unknown}
Potions
 b - a potion of brilliance
 c - 2 potions of haste {unknown}
 k - a potion of heal wounds {unknown}
 o - a potion of lignification {unknown}


   Skills:
 - Level 1.5 Dodging
 - Level 2.3 Stealth
 + Level 3.5 Spellcasting
 - Level 0.8 Transmutations
 + Level 4.4 Poison Magic


You had 10 spell levels left.
You knew the following spells:

 Your Spells              Type           Power        Failure   Level
a - Sting                 Tmut/Pois      44%          6%          1

Your spell library contained the following spells:

 Spells                   Type           Power        Failure   Level
 Poisonous Vapours        Pois/Air       18%          11%         2
 Corona                   Hex            2%           19%         1
 Ensorcelled Hibernation  Hex/Ice        4%           26%         2
 Ignite Poison            Fire/Tmut/Pois 8%           26%         3
 Mephitic Cloud           Conj/Pois/Air  7%           28%         3
 Olgreb's Toxic Radiance  Pois           17%          28%         4
 Confusing Touch          Hex            2%           47%         3
 Dazzling Flash           Conj/Hex       4%           47%         3
 Tukima's Dance           Hex            2%           47%         3


Dungeon Overview and Level Annotations

Branches:
Dungeon (2/15)

Altars:
Fedhas


Innate Abilities, Weirdness & Mutations

You are resistant to torment.
Your stone body is resilient. (AC +4)
You are immune to poison.
You resist negative energy. (rN+)
You are resistant to electric shocks. (rElec)
You can survive without breathing.
You are immune to petrification.
You are immune to miasma.


Message History

Okay, then.
A jelly is nearby!
The jelly hits you. The acid corrodes you!
You are splashed with acid!
Aiming: Sting (safe; 6% risk of failure)
Press: ? - help, Q - select action Shift-Dir - straight line, f - jelly
Aim: a jelly (0% to evade)
The sting hits the jelly.
The jelly partially resists.
The jelly is lightly wounded.
The jelly closely misses you.
Aiming: Sting (safe; 6% risk of failure)
Press: ? - help, Q - select action Shift-Dir - straight line, f/p - jelly
Aim: a jelly (lightly wounded, 0% to evade)
The sting hits the jelly.
The jelly partially resists.
The jelly is poisoned.
The jelly is lightly wounded.
The jelly hits you.
You are splashed with acid!
* * * LOW HITPOINT WARNING * * *
The jelly hits you.
* * * LOW HITPOINT WARNING * * *
You are splashed with acid!
You die...

####################
♣♣♣
##...J...............
♣.♣♣♣
###...@....######.#####
♣._.♣♣ ♣♣.......####
#.#
♣♣...♣♣♣♣♣............
#.#
♣♣♣........#########.#
#.# ♣♣♣♣♣♣....# #.#
♣♣##.# ... #.# ..#
############.# .[#
..........##.# ...#


You could see a jelly (poisoned).

Vanquished Creatures
  A jelly (D:2)
  Terence (D:2)
  Natasha (D:2)
  An adder (D:2)
  2 oozes (D:2)
  A leopard gecko (D:1)
  2 bats
  2 giant cockroaches (D:1)
  3 goblins
  3 hobgoblins (D:1)
  10 kobolds
  3 rats
30 creatures vanquished.

Vanquished Creatures (others)
  10 fungi (D:2)
  6 toadstools (D:2)
16 creatures vanquished.

Grand Total: 46 creatures vanquished

Notes
Turn   | Place    | Note
-------+----------+-------------------------------------------
     0 | D:1      | skwiii the Gargoyle Venom Mage began the quest for the Orb.
     0 | D:1      | Reached XP level 1. HP: 10/10 MP: 3/3
   164 | D:1      | Reached XP level 2. HP: 13/15 MP: 0/5
   990 | D:2      | Reached XP level 3. HP: 19/19 MP: 1/6
  1093 | D:2      | Reached XP level 4. HP: 20/24 MP: 0/8
  1111 | D:2      | Reached skill level 4 in Poison Magic
  1483 | D:2      | Noticed Terence
  1517 | D:2      | Killed Terence
  1776 | D:2      | Noticed Natasha
  1779 | D:2      | Found a blossoming altar of Fedhas.
  1794 | D:2      | Killed Natasha
  1795 | D:2      | Reached XP level 5. HP: 13/28 MP: 7/10
  2018 | D:2      | Splashed by a jelly's acid

Illustrated notes

Levels and vault maps discovered:
D:1:      lightli_arrival_flooded_house, layout_basic,
          hangedman_decor_clover_reticule
D:2:      cheibrodos_fertilizer, layout_loops_ring, fedhas_altar_4,
          small_statue_intersection, amcnicky_mini_corridor_feature,
          uniq_terence, uniq_natasha

Skill      XL: |  1  2  3  4 |
---------------+-------------+-----
Spellcasting   | 3 |  3.5
Poison Magic   | 4 |  4.4
Dodging        | |  1.5
Stealth        | |  2.3
Transmutations | |  0.8

Action                   |  1- 3 |  4- 6 || total
-------------------------+-------+-------++-------
Melee: Unarmed           |     6 |       ||     6
 Cast: Sting             |    42 |    19 ||    61
  Use: Potion            |     1 |       ||     1
Armor: Robe              |    11 |     4 ||    15
Dodge: Dodged            |    18 |     8 ||    26

Table legend: (Time is in decaauts)
 A = Elapsed time spent in this place.
 B = Non-inter-level travel time spent in this place.
 C = Inter-level travel time spent in this place.
 D = Time resting spent in this place.
 E = Time spent auto-exploring this place.
 F = Levels seen in this place.
 G = Mean time per level.
                   A        B        C        D        E       F      G
               +--------+--------+--------+--------+--------+-----+--------+
         Total |   2026 |   2007 |     19 |    538 |    710 |   2 | 1013.0 |
       Dungeon |   2026 |   2007 |     19 |    538 |    710 |   2 | 1013.0 |
               +--------+--------+--------+--------+--------+-----+--------+

Top non-repeatable levels by time:
     D:2: 1088 daAuts
     D:1: 938 daAuts
